 Dungeon Crawl Stone Soup version 0.29.1-1-gd02db6906a (webtiles) character file.

Game seed: 15247057400186503402

590 hawla the Digger (level 7, -1/46 (50) HPs)
             Began as a Meteoran Earth Elementalist on Oct 1, 2022.
             Slain by a necrophage (6 damage)
             ... on level 5 of the Dungeon.
             The game lasted 00:12:16 (2395 turns).

hawla the Digger (Meteoran Earth Elementalist)      Turns: 2395, Time: 00:12:17

HP:   -1/46 (50)    AC:  5    Str:  9    XL:     7   Next: 98%
MP:   8/14          EV: 13    Int: 19    God:
Gold: 133           SH:  0    Dex: 15    Spells: 6/14 levels left

rFire   . . .      SeeInvis .   q - staff of earth
rCold   . . .      Faith    .   (no shield)
rNeg    . . .      Spirit   .   a - +0 robe
rPois   .          Reflect  .   (no helmet)
rElec   .          Harm     .   y - +1 cloak
rCorr   .          Rampage  .   l - +0 pair of gloves
Will    .....                   (no boots)
Stlth   +.........              e - amulet of the acrobat
HPRegen 0.15/turn               (no ring)
MPRegen 0.14/turn               (no ring)

@: glowing, drained
A: sense surroundings 1, otherworldly, glowing, explore regen
a: no special abilities


You were on level 5 of the Dungeon.
You visited 1 branch of the dungeon, and saw 5 of its levels.

You collected 259 gold pieces.
You spent 126 gold pieces at shops.

Inventory:

Missiles
 v - 7 poisoned darts
Armour
 a - a +0 robe (worn)
 l - a +0 pair of gloves (worn)
 y - a +1 cloak (worn)
Magical Staves
 q - a staff of earth (weapon)
 x - a staff of cold
Jewellery
 e - an amulet of the acrobat (around neck)
Wands
 w - a wand of polymorph (4)
Scrolls
 c - a scroll of summoning {unknown}
 d - 6 scrolls of teleportation
 h - a scroll of blinking
 i - a scroll of magic mapping
 k - 2 scrolls of fear
 m - a scroll of immolation {unknown}
 n - a scroll of torment {unknown}
Potions
 f - a potion of might
 g - 2 potions of mutation {unknown}
 j - a potion of brilliance
 o - 2 potions of curing
 r - a potion of flight
 s - a potion of attraction
 t - 3 potions of cancellation {unknown}


   Skills:
 + Level 2.7 Dodging
 - Level 1.4 Stealth
 + Level 4.3 Spellcasting
 + Level 1.6 Conjurations
 + Level 1.5 Transmutations
 + Level 6.1 Earth Magic
 + Level 5.8 Poison Magic
 + Level 2.0 Evocations


You had 6 spell levels left.
You knew the following spells:

 Your Spells              Type           Power      Damage    Failure   Level
a - Sandblast             Erth           82%        2d17      1%          1
b - Stone Arrow           Conj/Erth      56%        3d10      9%          3
c - Olgreb's Toxic Radia  Pois           26%        N/A       12%         4

Your spell library contained the following spells:

 Spells                   Type           Power      Damage    Failure   Level
 Sting                    Tmut/Pois      68%        1d6       3%          1
 Passwall                 Tmut/Erth      23%        N/A       4%          2
 Poisonous Vapours        Pois/Air       30%        N/A       6%          2
 Wereblood                Tmut           9%         N/A       11%         2
 Sublimation of Blood     Necr           4%         N/A       21%         2
 Petrify                  Tmut/Erth      28%        N/A       26%         4
 Summon Hydra             Summ           2%         N/A       100%        7


Dungeon Overview and Level Annotations

Branches:
Dungeon (5/15) Zot: 560
 Temple: D:4-7

Altars:
Elyvilon
Hepliaklqana
Nemelex Xobeh
Xom
Yredelemnul

Shops:
D:3 ?


Innate Abilities, Weirdness & Mutations

You passively map a small area around you.
You are easily found by Zot.
You glow in the dark.
You regain HP and MP as you explore.


Message History

The necrophage misses you.
The necrophage attacks as you move away!
The necrophage closely misses you.
The necrophage attacks as you move away!
The necrophage closely misses you.
The necrophage attacks as you move away!
The necrophage hits you.
* * * LOW HITPOINT WARNING * * *
You feel drained.
* * * LOW HITPOINT WARNING * * *
Casting: Stone Arrow (dangerous; 9% risk of failure)
Confirm with . or Enter, or press ? or * to list all spells.
Aiming: Stone Arrow (dangerous; 9% risk of failure)
Press: ? - help, Shift-Dir - straight line, f/p - necrophage
Aim: a necrophage (71% to hit)
You feel a surge of power!
The stone arrow misses the necrophage.
The necrophage hits you.
* * * LOW HITPOINT WARNING * * *
You feel better. The necrophage barely misses you.
Magic courses through your body.
The necrophage hits you but does no damage.
Casting: Stone Arrow (dangerous; 9% risk of failure)
Confirm with . or Enter, or press ? or * to list all spells.
Aiming: Stone Arrow (dangerous; 9% risk of failure)
Press: ? - help, Shift-Dir - straight line, f/p - necrophage
Aim: a necrophage (71% to hit)
You feel a surge of power!
The stone arrow hits the necrophage!!
The necrophage is almost destroyed.
The necrophage hits you!
* * * LOW HITPOINT WARNING * * *
You feel drained.
* * * LOW HITPOINT WARNING * * *
Casting: Stone Arrow (dangerous; 9% risk of failure)
Confirm with . or Enter, or press ? or * to list all spells.
Aiming: Stone Arrow (dangerous; 9% risk of failure)
Press: ? - help, Shift-Dir - straight line, f/p - necrophage
Aim: a necrophage (almost destroyed, 71% to hit)
You feel a surge of power!
The stone arrow misses the necrophage.
The necrophage hits you.
You die...

** .######### ,
.........# * *
.........#######
...............#
...............#
...............#########
.......@n...............
.......).###############
, .........###### ,
####..........., , ,
####...†########### * ,
................... ,
####...#..)........##
##....)).........# .
#####)..........#, .


You could see a necrophage.

Vanquished Creatures
  A centaur (D:5)
  A phantom (D:3)
  A necrophage (D:5)
  2 hounds (D:4)
  An orc priest (D:4)
  Jessica (D:2)
  An iguana (D:4)
  3 orc wizards
  4 gnolls (D:4)
  2 adders (D:2)
  5 dart slugs
  11 orcs
  5 ball pythons
  A bat (D:3)
  3 endoplasms
  5 giant cockroaches
  4 goblins
  7 hobgoblins
  8 jackals (D:1)
  4 quokkas
  A frilled lizard (D:2)
  11 kobolds
  4 rats
86 creatures vanquished.

Notes
Turn   | Place    | Note
-------+----------+-------------------------------------------
     0 | D:1      | hawla the Meteoran Earth Elementalist began the quest for
                  | the Orb.
     0 | D:1      | Reached XP level 1. HP: 14/14 MP: 5/5
    61 | D:1      | Reached XP level 2. HP: 17/20 MP: 3/6
   163 | D:1      | Reached skill level 4 in Earth Magic
   310 | D:1      | Reached XP level 3. HP: 26/26 MP: 0/8
   487 | D:1      | Glimpsed the power of Zot.
   535 | D:2      | Learned a level 3 spell: Stone Arrow
   765 | D:2      | Found a faded altar of an unknown god.
   795 | D:2      | Reached XP level 4. HP: 33/33 MP: 5/10
   855 | D:2      | Noticed Jessica
   858 | D:2      | Killed Jessica
   859 | D:2      | Reached skill level 1 in Conjurations
   859 | D:2      | Reached skill level 5 in Earth Magic
   873 | D:2      | Reached XP level 5. HP: 38/38 MP: 5/11
   903 | D:2      | Learned a level 4 spell: Olgreb's Toxic Radiance
  1073 | D:2      | Glimpsed the power of Zot.
  1182 | D:3      | Reached skill level 1 in Poison Magic
  1300 | D:3      | Found Keoshaj's Magic Scroll Shop.
  1308 | D:3      | Bought a scroll of teleportation for 42 gold pieces
  1308 | D:3      | Bought a scroll of fear for 56 gold pieces
  1308 | D:3      | Bought a scroll of identify for 28 gold pieces
  1365 | D:3      | Noticed a phantom
  1464 | D:3      | Killed a phantom
  1465 | D:3      | Reached XP level 6. HP: 40/45 MP: 6/12
  1667 | D:3      | Glimpsed the power of Zot.
  1701 | D:4      | Reached skill level 5 in Poison Magic
  1795 | D:4      | Reached XP level 7. HP: 44/50 MP: 3/13
  1912 | D:4      | Found a sparkling altar of Nemelex Xobeh.
  2060 | D:4      | Found a shimmering altar of Xom.
  2061 | D:4      | Found a shimmering altar of Xom.
  2062 | D:4      | Found a shimmering altar of Xom.
  2062 | D:4      | Found a shimmering altar of Xom.
  2072 | D:4      | Found a shimmering altar of Xom.
  2168 | D:4      | Found a basalt altar of Yredelemnul.
  2191 | D:4      | Found a hazy altar of Hepliaklqana.
  2259 | D:4      | Glimpsed the power of Zot.
  2260 | D:5      | Entered Level 5 of the Dungeon
  2262 | D:5      | Found a white marble altar of Elyvilon.
  2306 | D:5      | Reached skill level 1 in Evocations
  2363 | D:5      | Reached skill level 6 in Earth Magic
  2395 | D:5      | Slain by a necrophage

Illustrated notes

Levels and vault maps discovered:
D:1:      scummos_arrival_hexagon, layout_basic, nicolae_titane
D:2:      layout_loops_cross, ebering_ecumenical_altar_rust, uniq_jessica
D:3:      layout_basic, mainiacjoe_overflow_alcove_4, serial_shops, shop
D:4:      nicolae_cairo_tiling_large_dashed, layout_rooms,
          nemelex_xobeh_ov_fountains_minmay, xom_redecorated, minitemple
D:5:      kennysheep_windowed_halls, layout_basic, lemuel_crystal_altar,
          minmay_temple_entry_tees

Skill      XL: |  1  2  3  4  5  6  7 |
---------------+----------------------+-----
Earth Magic    | 4 5 6 |  6.1
Spellcasting   | 3 4 |  4.3
Conjurations   | 1 |  1.6
Poison Magic   | 3 5 |  5.8
Evocations     | 2 |  2.0
Dodging        | |  2.7
Stealth        | |  1.4
Transmutations | |  1.5

Action                   |  1- 3 |  4- 6 |  7- 9 || total
-------------------------+-------+-------+-------++-------
Melee: Unarmed           |     4 |     9 |       ||    13
       Staff             |       |     6 |    12 ||    18
 Cast: Sandblast         |    38 |    32 |     8 ||    78
       Stone Arrow       |     6 |    20 |    18 ||    44
       Olgreb's Toxic Ra |       |     3 |     3 ||     6
  Use: Scroll            |       |     7 |     2 ||     9
       Potion            |       |       |     4 ||     4
Armor: Robe              |     4 |     3 |    21 ||    28
Dodge: Dodged            |    10 |    21 |    32 ||    63
